 Dungeon Crawl Stone Soup version 0.18-a0-1774-gce1f7b6 (webtiles) character file.

133 M4edhros the Poker (level 4, -1/35 HPs)
             Began as a Mummy Chaos Knight on Apr 15, 2016.
             Slain by Natasha (4 damage)
             ... on level 4 of the Dungeon.
             The game lasted 00:02:54 (2302 turns).

M4edhros the Poker (Mummy Chaos Knight)             Turns: 2302, Time: 00:02:55

Health: -1/35      AC:  0    Str: 15    XL:     4   Next: 94%
Magic:  4/4        EV: 11    Int: 14    God:    Xom [...*..]
Gold:   121        SH:  0    Dex: 12    Spells: 0 memorised, 3 levels left

rFire  x x .     SeeInvis .     a - +0 spear (chaos)
rCold  + + .     Gourm    .     (no armour)
rNeg   + + +     Faith    .     (no shield)
rPois  ∞         Spirit   .     (no helmet)
rElec  .         Dismiss  .     (no cloak)
rCorr  .         Reflect  .     (no gloves)
SustAt .         Harm     .     (no boots)
MR     .....                    (no amulet)
Stlth  +.........               d - +3 ring of intelligence
                                h - ring of ice

@: very slightly contaminated, not resistant to hostile enchantments, very
unstealthy
A: no food or potions, fire vulnerability, cold resistance 1, negative energy
resistance 3, torment resistance, unbreathing
a: Renounce Religion


You were on level 4 of the Dungeon.
You worshipped Xom.
You were a favourite toy of Xom.
You were not hungry.

You visited 1 branch of the dungeon, and saw 4 of its levels.

You collected 121 gold pieces.

Inventory:

Hand Weapons
 a - a +0 spear of chaos (weapon)
Missiles
 c - 72 stones (quivered)
 k - 7 javelins
Armour
 b - a +2 leather armour
 l - a cursed +0 robe
Jewellery
 d - a +3 ring of intelligence (right hand)
 h - a ring of ice (left hand)
Scrolls
 e - 2 scrolls of remove curse {unknown}
 f - 2 scrolls of amnesia {unknown}
 g - a scroll of magic mapping {unknown}
 i - a scroll of fear {unknown}
 j - a scroll of identify {unknown}


   Skills:
 - Level 3.0 Fighting
 + Level 4.7 Polearms
 - Level 1.5 Armour
 - Level 0.7 Dodging


You had 3 spell levels left.
You didn't know any spells.

Dungeon Overview and Level Annotations

Branches:
Dungeon (4/15)
 Temple: D:4-7

Altars:
Pakellas
Vehumet
Xom

Annotations:
D:4 Natasha; barb4r1an's ghost, novice DsMo


Innate Abilities, Weirdness & Mutations

You do not eat or drink.
Your flesh is vulnerable to fire.
You are immune to poison.
Your flesh is cold resistant.
You are immune to negative energy.
You are immune to unholy pain and torment.
You can survive without breathing.


Message History

Natasha is moderately wounded.
Natasha stares at you and mumbles some strange words.
The magic dart hits you!
* * * LOW HITPOINT WARNING * * *
The crimson imp shouts, "Back with thee, thou hateful tickle-brained frater!"
You hit Natasha. You burn Natasha.
Natasha is moderately wounded.
Natasha completely misses you.
You can't drink.
You can't drink.
Read which item? (? for menu, Esc to quit)
Okay, then.
You closely miss Natasha.
Natasha is heavily wounded.
Natasha closely misses you.
You hit Natasha but do no damage.
Natasha seems to speed up.
Natasha is heavily wounded.
Natasha claws you.
You die...
Xom roars with laughter!

#.##.#####.######.#
#.##........†..##.#
#.########.##...#.#
#..........#.#.#..##
############.#...#.#
#.###..## ##..<#.#
########.#
#....5h@.#
#.######.# #.# #)#
... ##. .# .#


You could see Natasha and a crimson imp.

Vanquished Creatures
  Natasha (twice) (D:4)
  A howler monkey skeleton (D:4)
  An adder (D:3)
  An ooze (D:4)
  3 worms
  A dart slug (D:1)
  3 giant geckos
  2 giant cockroaches
  6 hobgoblins
  4 jackals (D:4)
  7 kobolds
  A quokka (D:4)
  5 bats
  4 giant newts
  6 goblins (D:1)
  3 rats
50 creatures vanquished.

Notes
Turn   | Place    | Note
--------------------------------------------------------------
     0 | D:1      | M4edhros the Mummy Chaos Knight began the quest for the Orb.
     0 | D:1      | Reached XP level 1. HP: 18/18 MP: 1/1
     6 | D:1      | Noticed a redback
     6 | D:1      | Noticed a salamander
     6 | D:1      | Noticed a wyvern
     7 | D:1      | Noticed an iguana
   105 | D:1      | XOM: potion effect (brilliance)
   265 | D:1      | Reached XP level 2. HP: 19/24 MP: 2/2
   268 | D:1      | XOM: vitrification
   302 | D:1      | Reached skill level 3 in Polearms
   313 | D:1      | XOM: chaos upgrade
   445 | D:1      | XOM: swap monsters
   666 | D:1      | XOM: 4-stop teleportation journey
   675 | D:1      | XOM: god gift: scroll labeled ARIMPU VIDO
   714 | D:1      | Reached XP level 3. HP: 29/29 MP: 3/3
   797 | D:2      | Noticed a wolf
   797 | D:2      | a worm changed into a wolf
   798 | D:2      | XOM: confuse monster(s)
  1318 | D:2      | Found an oddly glowing altar of Pakellas.
  1355 | D:3      | Found a radiant altar of Vehumet.
  1516 | D:4      | Reached skill level 4 in Polearms
  1534 | D:4      | Noticed barb4r1an's ghost (novice DsMo)
  1544 | D:4      | XOM: scenery: create altars
  1781 | D:3      | Reached XP level 4. HP: 26/35 MP: 4/4
  2115 | D:4      | Noticed Natasha
  2121 | D:4      | XOM: potion effect (invisibility)
  2138 | D:4      | Killed Natasha
  2205 | D:4      | Noticed Natasha
  2209 | D:4      | Killed Natasha
  2286 | D:4      | Noticed Natasha
  2302 | D:4      | Slain by Natasha

Vault maps used:
D:1:      onia_arrival_zoo_common
D:2:      lemuel_round_altar, first_bread
D:3:      vehumet_crystals, ecumenical_altar_2, uniq_crazy_yiuf_cottage
D:4:      uniq_natasha

Skill      XL: |  1  2  3 |
---------------+----------+-----
Polearms       | 3 4 |  4.7
Fighting       | |  3.0
Armour         | |  1.5
Dodging        | |  0.7

Action                   |  1- 3 |  4- 6 || total
-------------------------+-------+-------++-------
Melee: Spear             |   150 |    61 ||   211
  Use: Scroll            |     2 |       ||     2
 Stab: Confused          |     1 |       ||     1
       Sleeping          |     1 |       ||     1
       Invisible         |       |     2 ||     2
       Petrifying        |       |     2 ||     2
       Petrified         |       |     1 ||     1
Armor: Leather armour    |    46 |    11 ||    57
Dodge: Dodged            |    73 |    20 ||    93
